 Dungeon Crawl Stone Soup version 0.18-a0-844-g9229740 (webtiles) character file.

16932 vatarom the Basher (level 12, 0/95 HPs)
             Began as a Demonspawn Assassin on Dec 18, 2015.
             Was a High Priest of Okawaru.
             Slain by a death yak (20 damage)
             ... on level 3 of the Lair of Beasts.
             The game lasted 00:44:41 (12858 turns).

vatarom the Basher (Demonspawn Assassin)           Turns: 12858, Time: 00:44:41

Health: 0/95       AC: 15    Str: 17    XL:     12   Next: 14%
Magic:  12/12      EV: 10    Int: 14    God:    Okawaru [*****.]
Gold:   685        SH:  7    Dex: 14    Spells: 1 memorised, 9 levels left

rFire  + + +     SeeInvis .     P - +2 morningstar (crush)
rCold  . . .     Gourm    .     t - +1 ring mail of the Gloaming {rF+++ Regen+ Str+3 Dex-2}
rNeg   . . .     Faith    .     v - +1 buckler
rPois  .         Spirit   .     (helmet restricted)
rElec  .         Dismiss  .     d - +0 cloak
rCorr  .         Reflect  .     p - +0 pair of gloves
SustAt +         Harm     +     c - +1 pair of boots
MR     .....                    S - amulet of harm
Stlth  ++........               M - +1 ring of slaying
                                C - ring of sustain attributes

@: about to teleport, studying Short Blades, not resistant to hostile
enchantments, unstealthy
A: horns 2, slimy green scales 2, demonic guardian 1, spiny 2
a: Heroism, Finesse, Renounce Religion


You were on level 3 of the Lair of Beasts.
You worshipped Okawaru.
Okawaru was extremely pleased with you.
You were not hungry.

You visited 3 branches of the dungeon, and saw 16 of its levels.
You also visited: Labyrinth and Bailey.

You collected 685 gold pieces.

Inventory:

Hand Weapons
 b - a +1 blowgun
 P - a +2 morningstar of crushing (weapon)
Missiles
 e - 69 poisoned needles
 f - 5 curare-tipped needles
 q - 23 tomahawks of returning (quivered)
Armour
 c - a +1 pair of boots (worn)
 d - a +0 cloak (worn)
 p - a +0 pair of gloves (worn)
 t - the +1 ring mail of the Gloaming (worn) {rF+++ Regen+ Str+3 Dex-2}
   (Okawaru gifted it to you in a labyrinth)

   It affects your strength (+3).
   It affects your dexterity (-2).
   It renders you almost immune to fire.
   It increases your rate of regeneration.
 v - a +1 buckler (worn)
 A - a cursed +0 leather armour
 D - a +0 plate armour
Magical Staves
 O - an uncursed staff of power
 X - an uncursed staff of earth
Jewellery
 a - an uncursed ring of wizardry
 l - an uncursed ring of fire
 r - an uncursed amulet of guardian spirit
 w - an uncursed ring of protection from cold
 C - a ring of sustain attributes (left hand)
 M - a +1 ring of slaying (right hand)
 S - an amulet of harm (around neck)
 U - a +2 ring of protection
Wands
 u - a wand of frost (31)
 z - a wand of random effects (10)
 B - a wand of lightning (10)
 I - a wand of flame (21)
Scrolls
 k - 2 scrolls of noise
 m - 3 scrolls of fog
 o - 3 scrolls of remove curse
 F - 2 scrolls of magic mapping
 J - a scroll of recharging
 Q - 3 scrolls of identify
 R - a scroll of teleportation
 Z - a scroll of amnesia
Potions
 i - a potion of flight
 G - 2 potions of agility
 H - a potion of cancellation
 T - 2 potions of curing
 W - a potion of heal wounds
 Y - a potion of haste
Books
 y - a manual of Short Blades
 K - An Early Guide to Witchery
   (You found it in a labyrinth)

   Spells                             Type                      Level
   a - Swiftness                      Charms/Air                   2
   b - Shroud of Golubria             Charms/Translocation         2
   c - Throw Flame                    Conjuration/Fire             2
   d - Ensorcelled Hibernation        Hexes/Ice                    2
   e - Call Imp                       Summoning                    2
 L - a book of the Dragon

   Spells                             Type                      Level
   a - Flame Tongue                   Conjuration/Fire             1
   b - Cause Fear                     Hexes                        4
   c - Bolt of Fire                   Conjuration/Fire             6
   d - Dragon Form                    Transmutation                7
   e - Dragon's Call                  Summoning                    9
 N - a book of Power

   Spells                             Type                      Level
   a - Fulminant Prism                Conjuration/Hexes            4
   b - Iskenderun's Mystic Blast      Conjuration                  4
   c - Venom Bolt                     Conjuration/Poison           5
   d - Bolt of Magma                  Conjuration/Fire/Earth       5
   e - Iron Shot                      Conjuration/Earth            6
   f - Orb of Destruction             Conjuration                  7
   g - Spellforged Servitor           Conjuration/Summoning        7
 V - a book of Air

   Spells                             Type                      Level
   a - Shock                          Conjuration/Air              1
   b - Swiftness                      Charms/Air                   2
   c - Repel Missiles                 Charms/Air                   2
   d - Static Discharge               Conjuration/Air              3
   e - Lightning Bolt                 Conjuration/Air              5
Comestibles
 g - 3 bread rations
 h - 48 fruits
 j - 2 beef jerkies
 x - 7 meat rations
 E - 2 royal jellies


   Skills:
 - Level 9.0 Fighting
 - Level 1.7 Short Blades
 - Level 10.0 Maces & Flails
 - Level 9.4 Throwing
 * Level 6.7 Armour
 - Level 0.8 Dodging
 - Level 3.6 Stealth
 - Level 6.7 Shields


You had 9 spell levels left.
You knew the following spells:

 Your Spells              Type           Power        Failure   Level  Hunger
a - Shroud of Golubria    Chrm/Tloc      #.........   75%         2    ###....


Dungeon Overview and Level Annotations

Branches:
Dungeon (10/15)            Temple (1/1) D:5            Lair (5/8) D:10
 Spider (0/4) Lair:3
  Swamp: Lair:3-6    Shoals: Lair:3-6       Orc: D:9-12

Altars:
Ashenzari
Cheibriados
Dithmenos
Elyvilon
Fedhas
Gozag
Kikubaaqudgha
Makhleb
Nemelex Xobeh
Okawaru
Pakellas
Qazlal
Ru
Sif Muna
Trog
Vehumet
Xom
Yredelemnul
Zin
The Shining One

Shops:
D:9 :


Innate Abilities, Weirdness & Mutations

You have a pair of horns on your head.
You are mostly covered in slimy green scales (AC +3).
A weak demonic guardian rushes to your aid.
You are mostly covered in sharp spines.


Message History

Unknown command.
The death yak gores you but does no damage.
The death yak gores you! The death yak is struck by your spines.
The death yak gores you!
You climb upwards.
Your white imp disappears in a puff of smoke!
There is a stone staircase leading down here.
Unknown command.
Unknown command.
Unknown command.
Unknown command.
You can't go up here!
Unknown command.
Read which item? (? for menu, Esc to quit)
As you read the scroll of teleportation, it crumbles to dust.
You feel strangely unstable. The death yak is struck by your spines.
The death yak gores you!!
* * * LOW HITPOINT WARNING * * *
The death yak gores you!
You die...

...............#....÷............
............#.........÷..........
..............................#.#
+.............>...............##.
..........................<......
....#.......#...............#....
...............................##
...............Y§........#.....#.
......P.........@P...............
#..............YYP.......#..†....
.........................PP....##
#...>.......................#P..#
....................#..#..#....##
.......................!..##...#
)...................÷...#......##
.......................#....P...#
......................#........##


You could see 3 death yaks.

Vanquished Creatures
  A minotaur (Lab)
  A death yak (Lair:3)
  Pikel (D:7)
  An orb spider (Lair:3)
  An elephant (D:10)
  A black mamba (Lair:3)
  3 spiny frogs
  2 komodo dragons
  8 blink frogs
  A trapdoor spider (D:10)
  4 hippogriffs
  A wyvern (D:8)
  12 yaks
  2 wargs (D:10)
  Grum (D:9)
  A hungry ghost (D:9)
  A steam dragon (D:8)
  3 wolves (Lair:3)
  6 water moccasins
  10 orc warriors
  5 porcupines
  4 phantoms
  3 ice beasts
  5 black bears
  A centaur (D:8)
  2 ogres
  5 crocodiles
  A big kobold (D:8)
  The ghost of Charly the Ruffian, an amateur VSTm (D:6)
  3 gnoll sergeants (D:9)
  10 giant frogs
  A scorpion (D:9)
  The ghost of Alethiolet the Skirmisher, a weakling DsWn (D:3)
  2 killer bees (D:6)
  4 wights (D:6)
  An electric eel (Lair:1)
  A jelly (D:9)
  5 hounds
  5 crimson imps
  2 gnoll shamans (D:9)
  4 orc priests
  7 orc wizards
  A centaur skeleton (D:4)
  10 iguanas
  5 worker ants
  A sheep (D:10)
  A hound skeleton (D:8)
  13 river rats
  13 adders
  20 gnolls
  A shadow imp (D:7)
  5 worms
  20 orcs
  A ball python (D:6)
  4 bats
  5 giant cockroaches
  18 goblins
  8 hobgoblins
  7 jackals
  24 kobolds
  3 giant geckos
  2 giant gecko skeletons
  3 giant newts
  2 gnoll zombies (D:8)
  2 quokkas
  5 rats
308 creatures vanquished.

Vanquished Creatures (collateral kills)
  A hill giant (D:10)
  A spiny frog (Lair:3)
  A blink frog (Lair:3)
  A wraith (D:10)
  An ogre (D:4)
  A phantom (D:10)
  3 giant frogs
  A scorpion (D:7)
  A killer bee (D:6)
  A crimson imp (D:6)
  2 hounds
  A worker ant zombie (D:5)
  A gnoll (D:7)
  3 orcs
  2 kobolds (D:8)
21 creatures vanquished.

Vanquished Creatures (others)
  A worker ant (D:7)
  2 gnolls (D:7)
3 creatures vanquished.

Grand Total: 332 creatures vanquished

Notes
Turn   | Place    | Note
--------------------------------------------------------------
     0 | D:1      | vatarom the Demonspawn Assassin began the quest for the Orb.
     0 | D:1      | Reached XP level 1. HP: 16/16 MP: 1/1
   571 | D:1      | Gained mutation: You are partially covered in sharp spines. [demonic ancestry]
   571 | D:1      | Reached XP level 2. HP: 23/23 MP: 2/2
   577 | D:1      | Reached skill level 1 in Armour
  1090 | D:2      | Found an opulent altar of Gozag.
  1201 | D:2      | Gained mutation: A weak demonic guardian rushes to your aid. [demonic ancestry]
  1201 | D:2      | Reached XP level 3. HP: 19/28 MP: 3/3
  1657 | D:3      | Noticed Alethiolet's ghost (weakling DsWn)
  1720 | D:3      | Killed Alethiolet's ghost
  1720 | D:3      | Reached XP level 4. HP: 4/35 MP: 4/4
  2173 | D:3      | Found a bloodstained altar of Trog.
  2259 | D:3      | Found a snail-covered altar of Cheibriados.
  2358 | D:4      | Reached skill level 1 in Maces & Flails
  2440 | D:4      | Reached XP level 5. HP: 41/41 MP: 5/5
  2653 | D:4      | Reached skill level 4 in Armour
  2653 | D:4      | Gained mutation: You have a pair of small horns on your head. [demonic ancestry]
  2653 | D:4      | Reached XP level 6. HP: 42/47 MP: 6/6
  2938 | D:4      | Found an ancient bone altar of Kikubaaqudgha.
  3025 | D:4      | Found a shimmering altar of Xom.
  3097 | D:5      | Entered Level 5 of the Dungeon
  3121 | D:5      | Found a staircase to the Ecumenical Temple.
  3224 | Temple   | Entered the Ecumenical Temple
  3405 | D:5      | Found an oddly glowing altar of Pakellas.
  3508 | D:5      | Found a shimmering altar of Xom.
  3522 | D:5      | Gained mutation: You have a pair of horns on your head. [demonic ancestry]
  3522 | D:5      | Reached XP level 7. HP: 52/52 MP: 7/7
  3537 | D:5      | Found an opulent altar of Gozag.
  3544 | D:5      | Found an iron altar of Okawaru.
  3548 | D:5      | Became a worshipper of Warmaster Okawaru
  3629 | D:5      | Reached skill level 5 in Armour
  3690 | D:5      | Found a glowing silver altar of Zin.
  3693 | D:5      | Found a shattered altar of Ashenzari.
  3870 | D:5      | Found a white marble altar of Elyvilon.
  4012 | D:6      | Reached skill level 1 in Shields
  4284 | D:6      | Found a sparkling altar of Nemelex Xobeh.
  4291 | D:6      | Noticed Charly's ghost (amateur VSTm)
  4296 | D:6      | Killed Charly's ghost
  4355 | D:6      | Reached skill level 5 in Maces & Flails
  4378 | D:6      | Reached XP level 8. HP: 54/58 MP: 8/8
  4448 | D:6      | Reached * piety under Okawaru
  5172 | D:7      | Reached skill level 6 in Maces & Flails
  5333 | D:7      | Noticed Pikel
  5340 | D:7      | Reached skill level 5 in Shields
  5355 | D:7      | Killed Pikel
  5355 | D:7      | Reached skill level 7 in Maces & Flails
  5355 | D:7      | Gained mutation: You are mostly covered in sharp spines. [demonic ancestry]
  5355 | D:7      | Reached XP level 9. HP: 43/64 MP: 7/9
  5612 | D:7      | Found a sacrificial altar of Ru.
  5721 | D:8      | Reached ** piety under Okawaru
  5911 | D:8      | Reached skill level 5 in Fighting
  5982 | D:8      | Found a basalt altar of Yredelemnul.
  6091 | D:8      | Found a flagged portal.
  6101 | Bailey   | Entered a bailey
  6266 | Bailey   | Reached *** piety under Okawaru
  6882 | D:8      | Gained mutation: You are partially covered in slimy green scales (AC +2). [demonic ancestry]
  6882 | D:8      | Reached XP level 10. HP: 50/77 MP: 10/10
  7202 | D:9      | Found a shattered altar of Ashenzari.
  7210 | D:9      | Found a deep blue altar of Sif Muna.
  7399 | D:9      | Found Xiom's Book Shoppe.
  7409 | D:9      | Reached **** piety under Okawaru
  7503 | D:9      | Noticed Grum
  7511 | D:9      | Killed Grum
  7511 | D:9      | Reached skill level 5 in Throwing
  7815 | D:10     | Entered Level 10 of the Dungeon
  7835 | D:10     | Noticed a hill giant
  8012 | D:10     | Killed a hill giant
  8207 | D:10     | Found a staircase to the Lair.
  8207 | D:10     | Noticed an elephant
  8232 | D:10     | Reached ***** piety under Okawaru
  8238 | D:10     | Killed an elephant
  8514 | D:10     | Reached skill level 8 in Throwing
  8533 | Lair:1   | Entered Level 1 of the Lair of Beasts
  8546 | Lair:1   | Found a labyrinth entrance.
  8558 | Lab      | Entered a labyrinth
  9583 | Lab      | Noticed a minotaur
  9602 | Lab      | Killed a minotaur
  9602 | Lab      | Received a gift from Okawaru
  9602 | Lab      | Gained mutation: You are mostly covered in slimy green scales (AC +3). [demonic ancestry]
  9602 | Lab      | Reached XP level 11. HP: 15/84 MP: 11/11
  9605 | Lab      | Got a distressingly furry ring mail {god gift}
  9616 | Lab      | Identified the +1 ring mail of the Gloaming {rF+++ Regen+ Str+3 Dex-2} (Okawaru gifted it to you in a labyrinth)
  9779 | Lab      | Identified An Early Guide to Witchery
  9800 | Lair:1   | Reached skill level 9 in Throwing
 10213 | Lair:1   | Identified a scroll of acquirement
 10549 | Lair:1   | Learned a level 2 spell: Shroud of Golubria
 11341 | Lair:2   | Reached skill level 10 in Maces & Flails
 12319 | Lair:3   | Found a hole to the Spider Nest.
 12365 | Lair:3   | Received a gift from Okawaru
 12441 | Lair:3   | Reached XP level 12. HP: 90/95 MP: 12/12
 12858 | Lair:3   | Slain by a death yak

Vault maps used:
D:1:      minmay_arrival_radiant_lines
D:2:      nicolae_gozag_seed_capital
D:3:      lemuel_crystal_altar, lemuel_doored_altar
D:4:      tgw_xom, kiku_gazebo_garden_becter, minivault_27
D:5:      grunt_pakellas_mercury, old_standard_altar,
          grunt_temple_overflow_cloverleaf, minmay_temple_entry_glassed_door,
          basic_altar, first_bread
D:6:      nemelex_xobeh_ov_fountains_minmay
D:7:      nicolae_ru_the_path_less_chosen, uniq_pikel
D:8:      black_bear_nest_2, lemuel_zombie_altar_yredelemnul, enter_bailey_3
D:9:      kennysheep_mini, basic_altar, serial_gnoll_camp,
          gnoll_camp_huts_basic, gnoll_camp_mini_hut, gnoll_camp_mini_shop,
          gnoll_camp_mini_sergeant, gnoll_camp_mini_hut, grums_kennel,
          fountainhead
D:10:     david_lair_generic, minmay_orc_entry_guard_dogs, minmay_lindwurm_lava,
          uniq_erolcha, uniq_urug
Temple:   hc_temple_tempest_star_small
Lair:1:   gammafunk_lair_bear_cave, lab_entry_generic, beast_lair_carwin_7,
          lemuel_fruit_fields
Lair:2:   grunt_megastairs_3, serial_bayou_shore_a
Lair:3:   nicolae_spider_entry_orb_guardian, minivault_11,
          grunt_forest_small_clearings
Lair:4:   minmay_lair_venomous_thicket, bh_chokoban, grunt_megastairs_1
Lair:5:   cheibrodos_magma_flow
Lab:      nicolae_lab_t_cross, nicolae_lab_big_swirl, lab_fountain, lab_block
Bailey:   bailey_axe_1, bailey

Action                   |  1- 3 |  4- 6 |  7- 9 | 10-12 || total
-------------------------+-------+-------+-------+-------++-------
Melee: Dagger            |    86 |     5 |       |       ||    91
       Whip              |       |    67 |   296 |   280 ||   643
       Morningstar       |       |       |       |   159 ||   159
 Fire: Blowgun           |       |       |       |    14 ||    14
Throw: Tomahawk          |       |       |    46 |    10 ||    56
Invok: Heroism           |       |       |     2 |     1 ||     3
Evoke: Wand              |       |       |       |     7 ||     7
  Use: Scroll            |     5 |     3 |     4 |     9 ||    21
       Potion            |     2 |     5 |     7 |     6 ||    20
 Stab: Sleeping          |     4 |     3 |       |     4 ||    11
       Distracted        |       |     1 |     1 |     3 ||     5
       Invisible         |       |       |       |     1 ||     1
  Eat: Bread ration      |     1 |       |     1 |     3 ||     5
       Chunk             |       |     2 |     2 |     4 ||     8
       Fruit             |       |     1 |       |       ||     1
       Meat ration       |       |       |     1 |     1 ||     2
